 Dungeon Crawl Stone Soup version 0.30-a0-808-g6e0788376e (webtiles) character file.

Game seed: 17801610213994496353

3313 gelatine the Firebug (level 9, -4/65 HPs)
             Began as a Demonspawn Fire Elementalist on Feb 27, 2023.
             Slain by a gnoll sergeant
             ... wielding a +2 spear of flaming
              (12 damage)
             ... on level 7 of the Dungeon.
             The game lasted 00:18:19 (7576 turns).

gelatine the Firebug (Demonspawn Fire Elementalist) Turns: 7576, Time: 00:18:19

Health: -4/65      AC:  5    Str:  9    XL:     9   Next: 70%
Magic:  1/16       EV: 18    Int: 28    God:
Gold:   360        SH:  0    Dex: 14    Spells: 15/18 levels left

rFire   + . .      SeeInvis .    P - +5 short sword
rCold   . . .      Faith    .    (no shield)
rNeg    . . .      Spirit   .    Q - +0 robe {rF+}
rPois   .          Reflect  .    n - +0 helmet
rElec   .          Harm     .    v - +0 cloak
rCorr   .          Rampage  .    (no gloves)
Will    +....                    y - +0 pair of boots
Stlth   ++                       (no amulet)
HPRegen 0.30/turn                M - ring of Naenei {EV+5 Int+4}
MPRegen 0.15/turn                o - ring of willpower

@: no status effects
A: hooves 1, demonic guardian 2, foul stench 1, big brain 2
a: no special abilities


You were on level 7 of the Dungeon.
You visited 1 branch of the dungeon, and saw 7 of its levels.

You collected 360 gold pieces.

Inventory:

Hand Weapons
 P - a +5 short sword (weapon)
Missiles
 F - 2 throwing nets
Armour
 n - a +0 helmet (worn)
 v - a +0 cloak (worn)
 y - a +0 pair of boots (worn)
 Q - a +0 robe of fire resistance (worn)
Jewellery
 a - a ring of magical power
 g - a +6 ring of strength
 o - a ring of willpower (right hand)
 x - a ring of fire
 K - a +6 ring of strength
 L - a ring of wizardry
 M - the ring of Naenei (left hand) {EV+5 Int+4}
   (You found it on level 5 of the Dungeon)

   [ring of evasion]

   EV:        It affects your evasion (+5).
   Int:       It affects your intelligence (+4).
Wands
 r - a wand of paralysis (5)
 z - a wand of flame (15)
 J - a wand of mindburst (14)
Scrolls
 d - 4 scrolls of poison
 e - 3 scrolls of identify
 h - 2 scrolls of blinking {unknown}
 i - 2 scrolls of enchant armour {unknown}
 m - 5 scrolls of teleportation
 s - a scroll of silence {unknown}
 u - 3 scrolls of enchant weapon {unknown}
 w - a scroll of immolation {unknown}
 G - 2 scrolls of noise {unknown}
 I - a scroll of amnesia {unknown}
Potions
 b - 2 potions of magic
 j - 3 potions of degeneration
 k - 5 potions of mutation
 l - 7 potions of curing
 p - 2 potions of haste
 q - a potion of ambrosia
 t - 2 potions of flight
 A - a potion of lignification {unknown}
 B - a potion of might {unknown}
 D - a potion of cancellation {unknown}


   Skills:
 * Level 4.0 Fighting
 + Level 1.2 Short Blades
 + Level 1.9(2.0) Axes
 + Level 1.0(1.5) Polearms
 * Level 3.5 Armour
 * Level 4.3 Dodging
 + Level 2.6 Stealth
 + Level 5.0 Spellcasting
 * Level 4.7 Conjurations
 * Level 7.1 Fire Magic
 * Level 3.9 Evocations


You had 15 spell levels left.
You knew the following spells:

 Your Spells              Type           Power      Damage    Failure   Level
a - Foxfire               Conj/Fire      100%       2x1d9     1%          1
b - Scorch                Fire           94%        2d10      1%          2

Your spell library contained the following spells:

 Spells                   Type           Power      Damage    Failure   Level
 Inner Flame              Hex/Fire       27%        N/A       4%          3
 Flame Wave               Conj/Fire      40%        2d11      6%          4
 Sticky Flame             Conj/Fire      40%        2d6       6%          4
 Kindle Blastsparks       Fire/Tloc/Air  40%        2d13      8%          3
 Fireball                 Conj/Fire      20%        3d10      16%         5
 Starburst                Conj/Fire      20%        6d7       65%         6


Dungeon Overview and Level Annotations

Branches:
Dungeon (7/15)             Temple (0/1) D:7

Altars:
Kikubaaqudgha
Ru
Xom

Portals:
Abyss: D:6

Annotations:
D:6 2 transporters, FacelessVoid's ghost, novice MiHu


Innate Abilities, Weirdness & Mutations

You have large cloven feet.
A demonic guardian rushes to your aid.
You may rarely emit foul miasma when damaged in melee.
You have an extremely huge brain. (Int +4)


Message History

Confirm with . or Enter, or press ? or * to list all spells.
Flames lash the gnoll.
The gnoll is heavily wounded.
The gnoll's fire resistance burns away.
The gnoll is no longer more vulnerable to fire.
The gnoll sergeant hits you from afar with a +2 spear of flaming!
The gnoll sergeant burns you.
Casting: Scorch (safe; 1% risk of failure)
Confirm with . or Enter, or press ? or * to list all spells.
Flames lash the gnoll.
The gnoll is burned terribly!
You kill the gnoll!
The gnoll sergeant misses you.
Your Fighting skill increases to level 4!
Casting: Scorch (safe; 1% risk of failure)
Confirm with . or Enter, or press ? or * to list all spells.
Flames lash the gnoll sergeant.
The gnoll sergeant is moderately wounded.
The gnoll sergeant's fire resistance burns away.
The gnoll sergeant hits you from afar with a +2 spear of flaming.
The gnoll sergeant burns you.
Casting: Scorch (safe; 1% risk of failure)
Confirm with . or Enter, or press ? or * to list all spells.
Flames lash the gnoll sergeant.
The gnoll sergeant is burned terribly!
The gnoll sergeant is heavily wounded.
The gnoll sergeant hits you from afar with a +2 spear of flaming.
* * * LOW HITPOINT WARNING * * *
The gnoll sergeant burns you.
* * * LOW HITPOINT WARNING * * *
Casting: Scorch (safe; 1% risk of failure)
Confirm with . or Enter, or press ? or * to list all spells.
You don't have enough magic to cast this spell.
Casting: Scorch (safe; 1% risk of failure)
Confirm with . or Enter, or press ? or * to list all spells.
You don't know that spell.
The gnoll sergeant hits you with a +2 spear of flaming!
* * * LOW HITPOINT WARNING * * *
A demonic guardian appears!
The gnoll sergeant burns you.
* * * LOW HITPOINT WARNING * * *
The gnoll sergeant hits you from afar with a +2 spear of flaming!
You die...

#.# #))##......g..# #.. #.#
###.<######).§..# #.. ..####....#
#)#.#.# ##~
....##.##.######)#.#.# #~
.##.##)##.......)..#.###########~
###.##.#########g###.............
# #.##.# #g# ############.. #
#.##.# #.# ### ###.##.### #@# ###
.........# #4# #.. .....>.#.# #.#
#.. ###.####># #.# #.≈ # #.# #.#
####.# #.≈ # #.# #.# #....# ##.≈
# #.# #.# #.#### #..≈ # #.# #.#
#.# #..≈ # #.# #.# #.# #...


You could see a gnoll sergeant (combustible, ally target), a gnoll and a
friendly orange demon (summoned).

Vanquished Creatures
  Sigmund (D:5)
  2 wyverns
  Duvessa (D:5)
  An ogre (D:5)
  3 black bears
  A phantom (D:5)
  3 centaurs
  A kobold brigand (D:7)
  Blork the orc (D:4)
  A bullfrog (D:4)
  2 necrophages
  7 scorpions
  4 wights (D:6)
  2 jellies
  2 orc priests (D:7)
  2 hounds
  Jessica (D:2)
  2 iguanas
  2 orc wizards
  Ijyb (D:3)
  7 gnolls
  13 adders
  2 shadow imps
  3 ufetubi
  A worm (D:3)
  17 orcs
  8 ball pythons
  5 endoplasms
  4 giant cockroaches
  11 hobgoblins
  3 jackals (D:2)
  4 quokkas
  3 bats
  18 goblins
  15 kobolds
  7 rats
161 creatures vanquished.

Vanquished Creatures (collateral kills)
  Pikel (D:7)
  Dowan (D:5)
  6 foxfires (D:3)
8 creatures vanquished.

Vanquished Creatures (others)
  545 foxfires
  A fungus (D:3)
  6 plants (D:3)
552 creatures vanquished.

Grand Total: 721 creatures vanquished

Notes
Turn   | Place    | Note
-------+----------+-------------------------------------------
     0 | D:1      | gelatine the Demonspawn Fire Elementalist began the quest
                  | for the Orb.
     0 | D:1      | Reached XP level 1. HP: 13/13 MP: 3/3
   194 | D:1      | Reached skill level 3 in Fire Magic
   259 | D:1      | Gained mutation: You have an unusually large brain. (Int
                  | +2) [demonic ancestry]
   259 | D:1      | Reached XP level 2. HP: 19/19 MP: 1/5
   946 | D:2      | Noticed Jessica
   955 | D:2      | Killed Jessica
   956 | D:2      | Gained mutation: You have an extremely huge brain. (Int +4)
                  | [demonic ancestry]
   956 | D:2      | Reached XP level 3. HP: 24/24 MP: 0/6
  1105 | D:2      | Learned a level 2 spell: Scorch
  1168 | D:2      | Gained mutation: You may rarely emit foul miasma when
                  | damaged in melee. [demonic ancestry]
  1168 | D:2      | Reached XP level 4. HP: 11/30 MP: 0/7
  1343 | D:2      | Reached skill level 1 in Short Blades
  2258 | D:3      | Noticed Ijyb
  2271 | D:3      | Killed Ijyb
  2272 | D:3      | Gained mutation: You have large cloven feet. [demonic
                  | ancestry]
  2272 | D:3      | Reached XP level 5. HP: 20/36 MP: 0/9
  2379 | D:3      | Reached skill level 4 in Fire Magic
  2422 | D:3      | Found an ancient bone altar of Kikubaaqudgha.
  2571 | D:3      | Found a faded altar of an unknown god.
  2710 | D:4      | Noticed Blork the orc
  3127 | D:4      | Gained mutation: A weak demonic guardian rushes to your
                  | aid. [demonic ancestry]
  3127 | D:4      | Reached XP level 6. HP: 31/42 MP: 0/10
  3355 | D:4      | Found a sacrificial altar of Ru.
  3408 | D:4      | Found a shimmering altar of Xom.
  3497 | D:4      | Killed Blork the orc
  3498 | D:4      | Reached skill level 1 in Fighting
  3498 | D:4      | Reached skill level 1 in Evocations
  3696 | D:4      | Reached skill level 1 in Armour
  4003 | D:5      | Entered Level 5 of the Dungeon
  4035 | D:5      | Reached XP level 7. HP: 48/48 MP: 5/11
  4393 | D:5      | Identified the ring of Naenei {EV+5 Int+4}
  4408 | D:5      | Noticed Sigmund
  4417 | D:5      | Killed Sigmund
  4418 | D:5      | Reached skill level 1 in Axes
  4418 | D:5      | Reached skill level 5 in Fire Magic
  4600 | D:5      | Gained mutation: A demonic guardian rushes to your aid.
                  | [demonic ancestry]
  4600 | D:5      | Reached XP level 8. HP: 56/56 MP: 6/13
  4987 | D:5      | Noticed Duvessa
  4988 | D:5      | Noticed Dowan
  4993 | D:5      | Killed Duvessa
  5011 | D:5      | Killed Dowan
  5419 | D:6      | Found a transporter.
  5682 | D:6      | Noticed a red ugly thing
  5772 | D:6      | Found a transporter.
  5844 | D:6      | Reached skill level 6 in Fire Magic
  5990 | D:6      | Reached skill level 1 in Polearms
  5990 | D:6      | Reached XP level 9. HP: 64/64 MP: 9/15
  6154 | D:6      | Found a one-way gate to the infinite horrors of the Abyss.
  6154 | D:6      | Noticed FacelessVoid's ghost (novice MiHu)
  6642 | D:7      | Noticed Pikel
  6658 | D:7      | HP: 2/64 [Pikel/+0 whip of freezing (3)]
  6660 | D:7      | Killed Pikel
  6943 | D:7      | Reached skill level 5 in Spellcasting
  7075 | D:7      | Reached skill level 7 in Fire Magic
  7276 | D:7      | Found a staircase to the Ecumenical Temple.
  7576 | D:7      | Slain by a gnoll sergeant

Illustrated notes

Levels and vault maps discovered:
D:1:      psy_arrival_conway, layout_rooms
D:2:      layout_loops_ring, st_stairs_10, uniq_jessica
D:3:      layout_rooms, mainiacjoe_overflow_chevrons,
          shapermc_ecumenical_altar_mp_ritualfount, uniq_ijyb
D:4:      layout_rooms, mainiacjoe_overflow_two_lobes,
          kennysheep_generic_room_11, uniq_blork_the_orc
D:5:      layout_rooms, chequers_avenue, nrook_pool_corridor,
          chequers_serial_rivers_small_3, st_stairs_11, minmay_hedge_maze,
          uniq_sigmund, uniq_duvessa
D:6:      layout_basic, gammafunk_ghost_abyssal_escape
D:7:      layout_loops_ring, trog_three_pillars_becter,
          minmay_temple_entry_mist, enter_bailey_5, uniq_pikel

Skill      XL: |  1  2  3  4  5  6  7  8  9 |
---------------+----------------------------+-----
Fire Magic     | 3 4 5 6 7 |  7.1
Stealth        | 2 |  2.6
Dodging        | 2 3 4 |  4.3
Short Blades   | 1 |  1.2
Spellcasting   | 3 4 5 |  5.0
Conjurations   | 2 3 4 |  4.7
Fighting       | 1 2 3 4 |  4.0
Evocations     | 1 3 |  3.9
Armour         | 2 3 |  3.5
Axes           | 1 |  1.9
Polearms       | 1 |  1.0

Action                     |  1- 3 |  4- 6 |  7- 9 || total
---------------------------+-------+-------+-------++-------
  Melee: Short sword       |    23 |     6 |    23 ||    52
         Punch             |     1 |       |       ||     1
         Rapier            |       |    20 |       ||    20
         Broad axe         |       |     7 |     6 ||    13
         Halberd           |       |       |    18 ||    18
   Cast: Foxfire           |    50 |   137 |   143 ||   330
         Scorch            |     1 |    18 |    53 ||    72
    Use: Potion            |       |     1 |     1 ||     2
         Scroll            |       |       |    10 ||    10
 Armour: Robe              |    11 |    16 |    14 ||    41
  Dodge: Dodged            |    17 |    38 |    67 ||   122

Table legend: (Time is in decaauts)
 A = Elapsed time spent in this place.
 B = Non-inter-level travel time spent in this place.
 C = Inter-level travel time spent in this place.
 D = Time resting spent in this place.
 E = Time spent auto-exploring this place.
 F = Levels seen in this place.
 G = Mean time per level.
                   A        B        C        D        E       F      G
               +--------+--------+--------+--------+--------+-----+--------+
         Total |   7596 |   7454 |    142 |      0 |   6312 |   7 | 1085.1 |
       Dungeon |   7596 |   7454 |    142 |      0 |   6312 |   7 | 1085.1 |
               +--------+--------+--------+--------+--------+-----+--------+

Top non-repeatable levels by time:
     D:5: 1378 daAuts
     D:6: 1244 daAuts
     D:4: 1202 daAuts
     D:2: 1113 daAuts
     D:7: 962 daAuts
     D:1: 899 daAuts
     D:3: 794 daAuts
